 Dungeon Crawl Stone Soup version 0.22-a0-305-gd21a89c (webtiles) character file.

1578 grindst0ne the Skirmisher (level 8, -3/67 HPs)
             Began as a Mummy Fighter on Mar 28, 2018.
             Was an Initiate of Gozag.
             Shot with an arrow by a centaur (12 damage)
             ... on level 5 of the Dungeon.
             The game lasted 00:07:13 (4032 turns).

grindst0ne the Skirmisher (Mummy Fighter)           Turns: 4032, Time: 00:07:14

Health: -3/67      AC: -2    Str: 22    XL:     8   Next: 60%
Magic:  8/8        EV:  7    Int:  7    God:    Gozag
Gold:   255        SH: 10    Dex: 11    Spells: 7/7 levels left

rFire    . . .     SeeInvis .   f - +2 dagger (venom)
rCold    + + .     Gourm    .   c - +0 shield
rNeg     + + +     Faith    .   b - +0 scale mail
rPois    ∞         Spirit   .   k - +2 hat
rElec    .         Reflect  .   i - scarf {rC+ rF+}
rCorr    .         Harm     .   n - +0 pair of gloves
MR       +....                  (no boots)
Stlth    +.........             (no amulet)
HPRegen  0.21/turn              e - ring of stealth
MPRegen  0.11/turn              (no ring)

@: corroded, gold aura, very slightly contaminated
A: no food or potions, fire vulnerability, cold resistance 1, negative energy
resistance 3, torment resistance, unbreathing
a: Potion Petition, Call Merchant, Bribe Branch, Renounce Religion


You were on level 5 of the Dungeon.
You worshipped Gozag.
Gozag was aware of your devotion.
You were not hungry.

You visited 1 branch of the dungeon, and saw 5 of its levels.

You collected 517 gold pieces.
You paid 262 gold pieces to Gozag.

Inventory:

Hand Weapons
 a - a +0 flail
 f - a +2 dagger of venom (weapon)
Missiles
 s - 6 tomahawks (quivered)
Armour
 b - a +0 scale mail (worn)
 c - a +0 shield (worn)
 i - a scarf of resistance (worn)
 k - a +2 hat (worn)
 n - a +0 pair of gloves (worn)
Jewellery
 d - an uncursed ring of ice
 e - a ring of stealth (left hand)
Wands
 l - a wand of paralysis (17)
Scrolls
 g - 5 scrolls of identify
 h - a scroll of amnesia {unknown}
 j - 3 scrolls of blinking
 m - a scroll of remove curse {unknown}
 o - 2 scrolls of magic mapping {unknown}
 p - 2 scrolls of teleportation {unknown}
 q - 2 scrolls of enchant weapon {unknown}
 t - a scroll of fog {unknown}
Miscellaneous
 r - a box of beasts


   Skills:
 + Level 7.0 Fighting
 + Level 5.4 Maces & Flails
 - Level 2.4 Armour
 + Level 5.7 Shields


You had 7 spell levels left.
You didn't know any spells.

Dungeon Overview and Level Annotations

Branches:
Dungeon (5/15)             Temple (0/1) D:4

Altars:
Gozag


Innate Abilities, Weirdness & Mutations

You do not eat or drink.
Your flesh is vulnerable to fire.
You are immune to poison.
Your flesh is cold resistant. (rC+)
You are immune to negative energy. (rN+++)
You are immune to unholy pain and torment.
You can survive without breathing.


Message History

* * * LOW HITPOINT WARNING * * *
You hit the centaur but do no damage.
The centaur is poisoned.
The centaur hits you.
* * * LOW HITPOINT WARNING * * *
The centaur hits you.
* * * LOW HITPOINT WARNING * * *
You barely miss the centaur.
The centaur is lightly wounded.
The centaur hits you!
* * * LOW HITPOINT WARNING * * *
Okay, then.
Okay, then.
Blink to where?
Press: ? - help, Dir - move target cursor You are very lightly contaminated with residual magic.
As you read the scroll of blinking, it crumbles to dust.
The centaur wields an uncursed shortbow of flaming.
It bursts into flame!
The centaur shoots an arrow.
The arrow hits you!
You die...
Your body crumbles into a pile of gold.

#....# ..##### #....### ......#
#......# ....(.# #......########
#.....# ####...##.....# #.....#
##########...##.....#####.....###
.)...........''.....'.(c'.....'..
######.###...##.....#####(....##
#.# #...##.@...# #...#### ...
#...##.....# #c..#
.....######.....# #...# ......#
######.. '.... # .......#
.###....# ######.### .# .....# #
#.# ...... # #....... ## #.#


You could see a centaur.

Vanquished Creatures
  Grinder (D:4)
  A hippogriff (D:5)
  Eustachio (D:4)
  A water moccasin (D:5)
  An ice beast (D:5)
  A centaur (D:5)
  3 scorpions (D:4)
  4 killer bees (D:4)
  A howler monkey (D:4)
  A crimson imp (D:5)
  An orc priest (D:3)
  A centaur skeleton (D:5)
  2 jellies (D:5)
  An orc wizard (D:5)
  3 worker ants (D:4)
  2 hound skeletons (D:4)
  6 adders
  2 worms
  A dart slug (D:1)
  A leopard gecko (D:3)
  7 orcs
  6 bats
  10 giant cockroaches
  6 goblins
  6 hobgoblins
  5 jackals
  9 kobolds
  5 quokkas
  A ball python (D:1)
  4 frilled lizards
  11 rats
105 creatures vanquished.

Vanquished Creatures (collateral kills)
  A jelly (D:5)
1 creature vanquished.

Grand Total: 106 creatures vanquished

Notes
Turn   | Place    | Note
-------+----------+-------------------------------------------
     0 | D:1      | grindst0ne the Mummy Fighter began the quest for the Orb.
     0 | D:1      | Reached XP level 1. HP: 18/18 MP: 1/1
   128 | D:1      | Reached XP level 2. HP: 24/24 MP: 2/2
   718 | D:2      | Reached XP level 3. HP: 26/29 MP: 3/3
  1353 | D:3      | Reached XP level 4. HP: 37/37 MP: 4/4
  1377 | D:3      | Found a faded altar of an unknown god.
  1633 | D:3      | Reached skill level 4 in Fighting
  2154 | D:4      | Found an opulent altar of Gozag.
  2178 | D:4      | Reached XP level 5. HP: 41/42 MP: 5/5
  2184 | D:4      | Became a worshipper of Gozag Ym Sagoz the Greedy
  2236 | D:4      | Noticed Grinder
  2237 | D:4      | Reached XP level 6. HP: 36/49 MP: 6/6
  2252 | D:4      | Paralysed by Grinder for 2 turns
  2267 | D:4      | Killed Grinder
  2267 | D:4      | Reached skill level 5 in Fighting
  2267 | D:4      | Reached XP level 7. HP: 36/56 MP: 7/7
  2376 | D:4      | Found a staircase to the Ecumenical Temple.
  2414 | D:4      | Noticed Eustachio
  2432 | D:4      | Killed Eustachio
  2752 | D:4      | Reached skill level 6 in Fighting
  2803 | D:4      | Reached skill level 5 in Shields
  2952 | D:5      | Entered Level 5 of the Dungeon
  2970 | D:5      | Reached XP level 8. HP: 54/64 MP: 8/8
  3190 | D:5      | Reached skill level 5 in Maces & Flails
  3203 | D:5      | Noticed a hippogriff
  3213 | D:5      | Killed a hippogriff
  4025 | D:5      | Reached skill level 7 in Fighting
  4032 | D:5      | Shot with an arrow by a centaur

Vault maps used:
D:1:      scummos_arrival_checkerplants
D:2:      first_ration
D:3:      chequers_ecumenical_altar_simple
D:4:      cheibrodos_barr_body, nicolae_gozag_seed_capital,
          minmay_temple_entry_junction_2, uniq_grinder, uniq_eustachio
D:5:      kennysheep_little_box

Skill      XL: |  1  2  3  4  5  6  7  8 |
---------------+-------------------------+-----
Maces & Flails | 2 3 4 5 |  5.4
Shields        | 3 4 5 |  5.7
Fighting       | 4 5 6 7 |  7.0
Armour         | |  2.4

Action                   |  1- 3 |  4- 6 |  7- 9 || total
-------------------------+-------+-------+-------++-------
Melee: Flail             |    77 |       |       ||    77
       Dagger            |    83 |    80 |   213 ||   376
Invok: Potion Petition   |       |     1 |     1 ||     2
Evoke: Box of beasts     |       |       |     1 ||     1
  Use: Scroll            |       |       |     2 ||     2
Armor: Scale mail        |    78 |    22 |    84 ||   184
Dodge: Dodged            |    44 |    25 |    45 ||   114
Block: Shield            |    78 |    42 |   100 ||   220

Table legend:
 A = Spawn XP
 B = Non-spawn XP
 C = Spawn XP percentage of total XP
 D = Spawn monster count
 E = Non-spawn monster count
 F = Spawn count percentage of total count
 G = Total turns spent on level
                    A         B        C        D         E        F      G
               +---------+---------+-------+---------+---------+-------+---------
         Total |       0 |    2255 |   0.0 |       0 |     106 |   0.0 |  4032
               +---------+---------+-------+---------+---------+-------+---------
           D:1 |       0 |      34 |   0.0 |       0 |      21 |   0.0 |   675
           D:2 |       0 |      44 |   0.0 |       0 |      17 |   0.0 |   501
           D:3 |       0 |      98 |   0.0 |       0 |      24 |   0.0 |   900
           D:4 |       0 |    1186 |   0.0 |       0 |      26 |   0.0 |   876
           D:5 |       0 |     893 |   0.0 |       0 |      18 |   0.0 |  1080
               +---------+---------+-------+---------+---------+-------+---------
